 Dungeon Crawl Stone Soup version 0.30-a0-1155-gf8af5b4991 (webtiles) character file.

Game seed: 15661046529546858512

32 FlurksSlurper the Sneak (level 3, 27/27 HPs)
             Began as a Demonspawn Brigand on Apr 24, 2023.
             Quit the game on level 1 of the Dungeon.
             The game lasted 00:01:44 (843 turns).

FlurksSlurper the Sneak (Demonspawn Brigand)         Turns: 843, Time: 00:01:44

Health: 27/27      AC:  5    Str: 11    XL:     3   Next: 8%
Magic:  3/3        EV: 11    Int: 20    God:
Gold:   29         SH:  3    Dex: 14    Spells: 2/2 levels left

rFire   . . .        a - +2 dagger
rCold   . . .        g - +0 buckler
rNeg    . . .        b - +0 robe
rPois   .            (helmet restricted)
rElec   .            c - +0 cloak
rCorr   .            (no gloves)
SInv    .            (no boots)
Will    .....        (no amulet)
Stlth   +++          l - +6 ring of intelligence
HPRegen 0.24/turn    (no ring)
MPRegen 0.08/turn

%: no passive effects
@: no status effects
A: antennae 1, molten scales 1
a: no special abilities


You were on level 1 of the Dungeon.
You visited 1 branch of the dungeon, and saw 1 of its levels.

You collected 29 gold pieces.

Inventory:

Hand Weapons
 a - a +2 dagger (weapon)
Missiles
 d - 9 poisoned darts (quivered)
 e - 3 curare-tipped darts
Armour
 b - a +0 robe (worn)
 c - a +0 cloak (worn)
 g - a +0 buckler (worn)
Jewellery
 l - a +6 ring of intelligence (left hand)
Scrolls
 f - a scroll of noise {unknown}
 h - a scroll of teleportation {unknown}
 k - a scroll of blinking {unknown}
Potions
 i - 2 potions of mutation {unknown}
 j - a potion of attraction {unknown}


   Skills:
 + Level 2.1 Fighting
 + Level 1.9 Short Blades
 + Level 2.1 Throwing
 + Level 1.1 Dodging
 + Level 4.2 Stealth
 + Level 0.1 Shields


You had 2 spell levels left.
You didn't know any spells.
Your spell library was empty.

Dungeon Overview and Level Annotations

Branches:
Dungeon (1/15)

Altars:


Innate Abilities, Weirdness & Mutations

You have a pair of small antennae on your head.
You are partially covered in molten scales. (AC +2)


Message History

Molten scales grow over part of your body.
Unknown command.
You open the door.
A bat is nearby!
A bat is nearby!
You hit the bat but do no damage. The bat hits you but does no damage.
The bat hits you but does no damage. The bat hits you but does no damage.
You block the bat's attack.
You hit the bat.
You kill the bat!
You see here 5 stones.
You open the door.
There is an open door here.
You open the door.
There is an open door here.
A ball python comes into view.
The ball python hisses angrily.
You hit the ball python.
The ball python is severely wounded.
You block the ball python's attack. The ball python grabs you.
The ball python constricts you.
You hit the ball python.
You kill the ball python!
l - a +6 ring of intelligence You feel clever.
l - a +6 ring of intelligence (left hand) Unknown command.
You open the door.
A bat comes into view.
A bat is nearby!
There is an open door here.
An endoplasm comes into view.
The helpless endoplasm fails to defend itself.
You impale the endoplasm!!
You kill the endoplasm!
You block the bat's attack. The bat barely misses you.
You completely miss the bat. The bat hits you but does no damage.
The bat barely misses you.
Are you sure you want to abandon this character and quit the game? (Confirm with "yes".)

#...........#
#.....##.#
#...........#
########.####
###+#.......#
#......
#.......#
#...#.#
######'##
#...#†#
###.#####
#...#.#
#.......#
#...#.#
#...b...#
#...#.#
+...@...#
#...#.+
#.......#
#...###
#########
#...# # #...#
# ##'## #.#
#.# #.# #.#


You could see a bat.

Vanquished Creatures
  A dart slug (D:1)
  2 ball pythons (D:1)
  3 endoplasms (D:1)
  A giant cockroach (D:1)
  3 goblins (D:1)
  3 hobgoblins (D:1)
  3 jackals (D:1)
  A quokka (D:1)
  2 bats (D:1)
  3 frilled lizards (D:1)
  2 kobolds (D:1)
  4 rats (D:1)
28 creatures vanquished.

Notes
Turn   | Place    | Note
-------+----------+-------------------------------------------
     0 | D:1      | FlurksSlurper the Demonspawn Brigand began the quest for
                  | the Orb.
     0 | D:1      | Reached XP level 1. HP: 16/16 MP: 1/1
    92 | D:1      | Found a faded altar of an unknown god.
   181 | D:1      | Gained mutation: You have a pair of small antennae on your
                  | head. [demonic ancestry]
   181 | D:1      | Reached XP level 2. HP: 7/22 MP: 2/2
   349 | D:1      | Reached skill level 4 in Stealth
   504 | D:1      | Reached skill level 1 in Dodging
   734 | D:1      | Gained mutation: You are partially covered in molten
                  | scales. (AC +2) [demonic ancestry]
   734 | D:1      | Reached XP level 3. HP: 25/27 MP: 3/3
   843 | D:1      | Quit the game

Illustrated notes

Levels and vault maps discovered:
D:1:      minmay_arrival_five_plusses, layout_basic,
          shapermc_ecumenical_altar_starsandcircs

Skill      XL: |  1  2 |
---------------+-------+-----
Throwing       | 2 |  2.1
Stealth        | 4 |  4.2
Dodging        | 1 |  1.1
Fighting       | |  2.1
Short Blades   | |  1.9
Shields        | |  0.1

Action                     || total
---------------------------++-------
  Melee: Dagger            ||    79
   Stab: Sleeping          ||     5
 Armour: Robe              ||    22
  Dodge: Dodged            ||    36
  Block: Buckler           ||    16

Table legend: (Time is in decaauts)
 A = Elapsed time spent in this place.
 B = Non-inter-level travel time spent in this place.
 C = Inter-level travel time spent in this place.
 D = Time resting spent in this place.
 E = Time spent auto-exploring this place.
 F = Levels seen in this place.
 G = Mean time per level.
                   A        B        C        D        E       F      G
               +--------+--------+--------+--------+--------+-----+--------+
         Total |    840 |    840 |      0 |      0 |    568 |   1 |  840.0 |
       Dungeon |    840 |    840 |      0 |      0 |    568 |   1 |  840.0 |
               +--------+--------+--------+--------+--------+-----+--------+

Top non-repeatable levels by time:
     D:1: 840 daAuts
